[Event "Titled Tuesday Blitz August 08 Late 2023"]
[White "Eggleston, Thomas A"]
[Black "chess123456s"]
[WhiteFideId "412139"]
[WhiteElo "2392"]
[BlackElo "2516"]
[Result "1/2-1/2"]
[Round "7"]
[TimeControl "180+1"]
[Date "2023.08.08"]
[WhiteClock "0:00:33"]
[BlackClock "0:00:20"]
[Board "87"]

1. e4 e5 2. Nf3 Nc6 3. d4 exd4 4. Nxd4 Nf6 5. Nc3 Bb4 6. Nxc6 bxc6 7. Bd3 O-O 8. O-O d5 9. exd5 cxd5 10. h3 Be6 11. Qf3 Rb8 12. Bf4 Bd6 13. Rab1 c5 14. Bxd6 Qxd6 15. Bf5 d4 16. Ne4 Nxe4 17. Qxe4 Bxf5 18. Qxf5 Rfe8 19. Rfe1 g6 20. Rxe8+ Rxe8 21. Qf3 Qe6 22. b3 Qe2 23. Qxe2 Rxe2 24. Rc1 Kf8 25. Kf1 Re5 26. Re1 Rd5 27. Re4 f5 28. Rh4 Kg7 29. Rf4 g5 30. Rf3 Kf6 31. Ke2 Ke5 32. Kd3 h5 33. Kc4 f4 34. Rd3 g4 35. hxg4 hxg4 36. Rd1 Rd8 37. Re1+ Kf5 38. Re7 Rh8 39. Kxc5 Rc8+ 40. Kxd4 Rxc2 41. Rf7+ Kg5 42. Rg7+ Kf5 43. Rf7+ Kg5 44. Rg7+ Kh5 45. Rh7+ Kg6 46. Rxa7 Rxf2 47. Ke4 Kg5 48. Ra5+ Kh4 49. Rf5 Kg3 50. a4 Re2+ 51. Kd4 f3 52. gxf3 gxf3 53. a5 Kg4 54. Rf8 Rd2+ 55. Kc3 Rd5 56. Rg8+ Kf4 57. Rg1 Rxa5 58. b4 Ra3+ 59. Kc4 Ke4 60. b5 f2 61. Rb1 Re3 62. Rf1 Kf3 63. b6 Re6 64. Kc5 Ke2 65. Rxf2+ Kxf2 66. b7 Re8 67. Kc6 Rh8 68. Kc7 Ke3 69. b8=Q Rxb8 70. Kxb8 1/2-1/2


[Site "https://www.chess.com"]

[Event "Titled Tuesday Blitz August 08 Late 2023"]
[White "Korpics, Zsolt"]
[Black "Domingo Nunez, Alejandro"]
[WhiteFideId "705241"]
[BlackFideId "22245561"]
[WhiteElo "2389"]
[BlackElo "2515"]
[Result "0-1"]
[Round "7"]
[TimeControl "180+1"]
[Date "2023.08.08"]
[WhiteClock "0:00:16"]
[BlackClock "0:00:44"]
[Board "88"]

1. e4 g6 2. d4 Bg7 3. Nc3 c6 4. Nf3 d5 5. h3 dxe4 6. Nxe4 Nf6 7. Nxf6+ exf6 8. Bd3 O-O 9. O-O a5 10. c4 Na6 11. a3 Nc7 12. Be3 Be6 13. b4 Qd7 14. Nd2 axb4 15. axb4 b5 16. cxb5 cxb5 17. Ne4 Bd5 18. Nc5 Qd6 19. Qe2 f5 20. g3 Bc6 21. Kh2 Qd5 22. f3 Rfe8 23. Qf2 Rxa1 24. Rxa1 Rxe3 25. Qxe3 Bxd4 26. Qe1 Bxa1 27. Qxa1 Qxf3 28. Qg1 Ne6 29. Nxe6 Qxd3 30. Nf4 Qd2+ 31. Ng2 Qxb4 32. h4 Qd2 33. Kh3 Qxg2+ 34. Qxg2 Bxg2+ 35. Kxg2 Kg7 36. Kf2 Kf6 37. Ke2 Ke5 38. Kd2 Ke4 39. Kc3 Kf3 40. Kb4 Kxg3 41. Kxb5 f4 42. Kc5 f3 43. Kd5 f2 44. Ke5 f1=Q 45. Kd6 Qf5 46. Ke7 Qe6+ 47. Kf8 f5 48. Kg7 Qe7+ 49. Kh8 Kxh4 50. Kg8 Kg5 51. Kh8 Kh6 52. Kg8 Qg7# 0-1


[Site "https://www.chess.com"]

[Event "Titled Tuesday Blitz August 08 Late 2023"]
[White "ATM622"]
[Black "Dwilewicz, Katarzyna"]
[BlackFideId "1148486"]
[WhiteElo "2511"]
[BlackElo "2388"]
[Result "1-0"]
[Round "7"]
[TimeControl "180+1"]
[Date "2023.08.08"]
[WhiteClock "0:00:03"]
[BlackClock "0:00:32"]
[Board "89"]

1. d4 d5 2. c4 dxc4 3. e3 Nf6 4. Bxc4 e6 5. Nf3 c5 6. O-O a6 7. a4 Nc6 8. Nc3 Be7 9. d5 exd5 10. Nxd5 Nxd5 11. Bxd5 O-O 12. b3 Bf6 13. Rb1 Bf5 14. e4 Bg4 15. h3 Bh5 16. g4 Bg6 17. Bf4 Re8 18. Re1 Ra7 19. e5 Bxb1 20. exf6 Bg6 21. h4 h5 22. Ng5 Nb4 23. Rxe8+ Qxe8 24. gxh5 Nxd5 25. hxg6 Qc6 26. gxf7+ Kf8 27. Qh5 Qxf6 28. Qh8+ Ke7 29. Qe8# 1-0


[Site "https://www.chess.com"]

[Event "Titled Tuesday Blitz August 08 Late 2023"]
[White "Andrews, Todd"]
[Black "Dragomirescu, Robin-Alexandru"]
[WhiteFideId "2012456"]
[BlackFideId "1213849"]
[WhiteElo "2380"]
[BlackElo "2511"]
[Result "1/2-1/2"]
[Round "7"]
[TimeControl "180+1"]
[Date "2023.08.08"]
[WhiteClock "0:00:09"]
[BlackClock "0:00:12"]
[Board "90"]

1. e4 g6 2. d4 Nf6 3. e5 Nh5 4. Be2 d6 5. Bxh5 gxh5 6. Qe2 dxe5 7. Qxe5 Rg8 8. c3 Rxg2 9. Qxh5 c5 10. Be3 cxd4 11. cxd4 Nc6 12. Nc3 Bg7 13. O-O-O Bg4 14. Qg5 Bf3 15. Nxf3 Rxg5 16. Nxg5 Qa5 17. Rhe1 Nb4 18. a3 Nd5 19. Nge4 Rc8 20. Bd2 Bxd4 21. Nd6+ Kd8 22. Nxc8 Kxc8 23. Nxd5 Qxd5 24. Be3 Qc5+ 25. Kb1 Bxe3 26. Rxe3 Qf5+ 27. Ka1 a6 28. Rxe7 Qxf2 29. Rdd7 Qxh2 30. Rxf7 Qh1+ 31. Ka2 h5 32. Rde7 Kb8 33. Rh7 h4 34. Re8+ Ka7 35. Reh8 Qd5+ 36. Ka1 Qd1+ 37. Ka2 a5 38. Rxh4 a4 39. R8h7 Qd5+ 40. Kb1 Qd1+ 41. Ka2 Ka6 42. R7h5 b6 43. Rh3 b5 44. R5h4 Ka5 45. Rh5 Qd4 46. R3h4 Qd1 47. Rh3 Qd8 48. R3h4 Qd1 49. Rh3 1/2-1/2


[Site "https://www.chess.com"]

[Event "Titled Tuesday Blitz August 08 Late 2023"]
[White "Hansen, Torbjorn Ringdal"]
[Black "Mazibuko, Khanya"]
[WhiteFideId "1501720"]
[BlackFideId "14321041"]
[WhiteElo "2511"]
[BlackElo "2353"]
[Result "1-0"]
[Round "7"]
[TimeControl "180+1"]
[Date "2023.08.08"]
[WhiteClock "0:01:04"]
[BlackClock "0:00:02"]
[Board "91"]

1. e4 c5 2. Nf3 e6 3. c3 Nf6 4. Bd3 d6 5. Bc2 Nc6 6. d4 e5 7. O-O Be7 8. dxc5 dxc5 9. Qxd8+ Bxd8 10. Be3 Be7 11. h3 h6 12. a4 Be6 13. Na3 a6 14. Rfd1 Nd7 15. Kf1 O-O-O 16. Ke1 c4 17. Nd2 Bxa3 18. Rxa3 Kc7 19. Rda1 b6 20. Bd1 Nc5 21. Bxc5 bxc5 22. Be2 Na5 23. Rd1 Rb8 24. Ra2 Rb6 25. Rb1 Rhb8 26. Kd1 Nb3 27. Nxb3 cxb3 28. Raa1 c4 29. Ke1 Rd6 30. Rd1 Rbd8 31. h4 Kb6 32. a5+ Kb5 33. g3 Bc8 34. Rxd6 Rxd6 35. Ra3 Kc5 36. Ra4 Be6 37. Rb4 f5 38. exf5 Bf7 39. g4 e4 40. g5 hxg5 41. hxg5 Rd5 42. g6 Bg8 43. Rb8 Rxf5 44. Rxg8 1-0


[Site "https://www.chess.com"]

[Event "Titled Tuesday Blitz August 08 Late 2023"]
[White "Ibadov, Dashgyn"]
[Black "Lopez Gracia, Fernando"]
[WhiteFideId "24107514"]
[BlackFideId "2207184"]
[WhiteElo "2509"]
[BlackElo "2349"]
[Result "1-0"]
[Round "7"]
[TimeControl "180+1"]
[Date "2023.08.08"]
[WhiteClock "0:00:04"]
[BlackClock "0:00:01"]
[Board "92"]

1. e4 c5 2. Nf3 e6 3. d4 cxd4 4. Nxd4 Nf6 5. Nc3 Nc6 6. Ndb5 Bb4 7. a3 Bxc3+ 8. Nxc3 d5 9. exd5 exd5 10. Bd3 O-O 11. O-O d4 12. Ne2 Bg4 13. Bg5 Re8 14. f3 Bh5 15. Nf4 Bg6 16. Nxg6 hxg6 17. Qd2 Qb6 18. b4 Nd5 19. Rae1 Ne3 20. Rf2 Re6 21. Be4 Rae8 22. Bxe3 dxe3 23. Qxe3 Qa6 24. Qb3 Kh8 25. Rd1 Qb6 26. c4 f5 27. c5 Qc7 28. Bd3 Nd4 29. Qc4 Qf4 30. Bf1 Rd8 31. Qc1 Qh4 32. Rfd2 Qf4 33. Qb2 Qe3+ 34. Kh1 Kh7 35. Rxd4 Rxd4 36. Qxd4 Qxa3 37. Qh4+ Kg8 38. Rd8+ Kf7 39. Rd7+ Kg8 40. Rd8+ Kf7 41. Qh8 Re7 42. Qf8+ Ke6 43. Rd6+ Ke5 44. Qxe7+ Kf4 45. Rxg6 Qa1 46. Qd6+ Ke3 47. Re6+ Kf2 48. Qd4+ Kxf1 49. Qxa1+ 1-0


[Site "https://www.chess.com"]

[Event "Titled Tuesday Blitz August 08 Late 2023"]
[White "Yu, Jennifer"]
[Black "Stachanczyk, Jacek"]
[WhiteFideId "2078341"]
[BlackFideId "1116657"]
[WhiteElo "2507"]
[BlackElo "2333"]
[Result "1-0"]
[Round "7"]
[TimeControl "180+1"]
[Date "2023.08.08"]
[WhiteClock "0:00:22"]
[BlackClock "0:00:10"]
[Board "93"]

1. d4 d5 2. c4 c6 3. Nf3 Nf6 4. Nc3 dxc4 5. a4 Bf5 6. Ne5 Nbd7 7. Nxc4 e6 8. g3 Nb6 9. Ne5 Nfd7 10. Nxd7 Nxd7 11. e4 Bg6 12. Bg2 a5 13. O-O Bb4 14. Be3 O-O 15. Qc2 e5 16. Rad1 exd4 17. Bxd4 Qe7 18. f4 f6 19. Rfe1 Bc5 20. Qf2 Bxd4 21. Qxd4 Rad8 22. Kh1 Bh5 23. Qc4+ Bf7 24. Qe2 Qc5 25. Rd2 Nb6 26. Red1 Rxd2 27. Rxd2 Re8 28. Rd1 Qb4 29. Qf2 Nxa4 30. Nxa4 Qxa4 31. Rd7 Qb4 32. h3 Be6 33. Rc7 Rd8 34. Qa7 Qe1+ 35. Kh2 Bc8 36. Qb8 h5 37. Rxc8 Rxc8 38. Qxc8+ Kh7 39. Qf5+ g6 40. Qxf6 h4 41. Qxh4+ 1-0


[Site "https://www.chess.com"]

[Event "Titled Tuesday Blitz August 08 Late 2023"]
[White "The_Straightforward_Rook"]
[Black "Grinev, Valeriy"]
[BlackFideId "14117517"]
[WhiteElo "2291"]
[BlackElo "2505"]
[Result "0-1"]
[Round "7"]
[TimeControl "180+1"]
[Date "2023.08.08"]
[WhiteClock "0:01:00"]
[BlackClock "0:01:54"]
[Board "94"]

1. d4 Nf6 2. c4 e6 3. Nf3 Bb4+ 4. Nbd2 c5 5. dxc5 Bxc5 6. g3 O-O 7. Bg2 d5 8. cxd5 Nxd5 9. O-O a5 10. Ne4 Be7 11. Nd4 Na6 12. e3 Bd7 13. Bd2 h6 14. Rc1 Nab4 15. Bxb4 axb4 16. Nc5 Bxc5 17. Rxc5 Rxa2 18. Bxd5 exd5 19. Rxd5 Qe7 20. Qb3 Raa8 21. Rc1 Bh3 22. Qc2 Rac8 23. Rc5 Rxc5 24. Qxc5 Qe4 25. f3 Qxe3+ 26. Kh1 Rc8 0-1


[Site "https://www.chess.com"]

[Event "Titled Tuesday Blitz August 08 Late 2023"]
[White "De Souza, Cristiano Gomes"]
[Black "Toncheva, Nadya"]
[WhiteFideId "2151758"]
[BlackFideId "2924056"]
[WhiteElo "2256"]
[BlackElo "2501"]
[Result "0-1"]
[Round "7"]
[TimeControl "180+1"]
[Date "2023.08.08"]
[WhiteClock "0:00:21"]
[BlackClock "0:00:08"]
[Board "95"]

1. d4 d5 2. c4 dxc4 3. Nf3 Nf6 4. e3 Bg4 5. Bxc4 e6 6. Nbd2 a6 7. h3 Bh5 8. Be2 Nbd7 9. Nc4 Be7 10. Nce5 Nxe5 11. Nxe5 Bxe2 12. Qxe2 O-O 13. O-O c5 14. dxc5 Bxc5 15. b3 Qe7 16. Bb2 Rac8 17. Rac1 Rfd8 18. Rfd1 Nd5 19. Nd3 Ba3 20. Rxc8 Rxc8 21. Rc1 Rxc1+ 22. Bxc1 Bxc1 23. Nxc1 Qc5 24. Qd2 h6 25. e4 Nc3 26. Qc2 Qd4 27. Ne2 Qxe4 28. Qxc3 Qxe2 29. Qc8+ Kh7 30. Qxb7 Qxa2 31. Qxf7 Qxb3 32. f4 Qb1+ 33. Kh2 Qf5 34. Qc7 a5 35. Kg3 a4 36. Qc4 a3 37. Qb3 Qa5 38. Qxe6 h5 39. f5 Qc3+ 40. Kh2 Qf6 41. Qb3 Qd6+ 42. Kg1 Qd4+ 43. Kh2 Qf4+ 44. Kg1 Qc1+ 45. Kh2 Qf4+ 46. Kg1 Qd4+ 47. Kh2 Qb2 48. Qe6 Qb8+ 49. g3 Qb2+ 50. Kg1 Qc1+ 51. Kg2 Qd2+ 52. Kg1 Qg5 53. Qb3 Qxf5 54. Qxa3 Qxh3 55. Qd3+ Kh6 56. Qd6+ Kh7 57. Qd3+ Kg8 58. Qd8+ Kf7 59. Qc7+ Kf6 60. Qd6+ Qe6 61. Qf4+ Kg6 62. Kf2 Qa2+ 63. Kf3 Qd5+ 64. Ke3 Qe6+ 65. Kf2 Qf5 66. Kf3 Qxf4+ 67. Kxf4 Kf6 68. Ke4 Kg5 69. Kf3 Kf5 70. Ke3 Kg4 71. Kf2 Kh3 72. Kf3 g5 73. Kf2 g4 74. Ke2 Kxg3 75. Kf1 h4 76. Kg1 Kf3 77. Kf1 g3 78. Kg1 g2 79. Kh2 Kf2 80. Kh3 g1=Q 81. Kxh4 Kf3 82. Kh5 Kf4 0-1


[Site "https://www.chess.com"]

[Event "Titled Tuesday Blitz August 08 Late 2023"]
[White "Kula, Robert"]
[Black "Remolar Gallen, Jose"]
[WhiteFideId "1101218"]
[BlackFideId "2215187"]
[WhiteElo "2255"]
[BlackElo "2499"]
[Result "0-1"]
[Round "7"]
[TimeControl "180+1"]
[Date "2023.08.08"]
[WhiteClock "0:00:00"]
[BlackClock "0:01:05"]
[Board "96"]

1. d4 Nf6 2. Nf3 g6 3. c4 Bg7 4. Nc3 O-O 5. e4 d6 6. Bd3 Bg4 7. h3 Bxf3 8. Qxf3 Nc6 9. Be3 Nd7 10. d5 Nd4 11. Qd1 c5 12. O-O e5 13. Rb1 f5 14. f3 Rf7 15. b4 b6 16. bxc5 Nxc5 17. Bc2 Rc8 18. exf5 gxf5 19. Bxd4 exd4 20. Nb5 Qf6 21. Bd3 Bh6 22. f4 Rg7 23. Rb2 Kh8 24. Re2 Rcg8 25. Kh2 a6 26. Na3 Qh4 27. Bxf5 Bxf4+ 28. Kh1 Qg3 29. Rxf4 Qxf4 30. Be6 Rf8 31. Re1 Ne4 32. Qd3 Nf2+ 33. Kg1 Nxd3 0-1


[Site "https://www.chess.com"]

[Event "Titled Tuesday Blitz August 08 Late 2023"]
[White "Bochnicka, Vladimir"]
[Black "Sailer, Mike"]
[WhiteFideId "14943450"]
[BlackFideId "2012901"]
[WhiteElo "2497"]
[BlackElo "2213"]
[Result "1-0"]
[Round "7"]
[TimeControl "180+1"]
[Date "2023.08.08"]
[WhiteClock "0:01:04"]
[BlackClock "0:00:02"]
[Board "97"]

1. e4 d5 2. exd5 Qxd5 3. Nc3 Qd6 4. g3 c6 5. d4 Nf6 6. Bf4 Qd8 7. Bg2 Bf5 8. Nf3 e6 9. Qd2 Bb4 10. O-O O-O 11. Rad1 Qa5 12. a3 Bxc3 13. bxc3 Ne4 14. Qe3 Qxc3 15. Rd3 Qxc2 16. Ne1 Qa2 17. Bxe4 Bxe4 18. Qxe4 Nd7 19. Nf3 Nf6 20. Qe5 Nd5 21. Bd2 Rfd8 22. Qh5 Qc4 23. Ne5 Qa6 24. Qxf7+ Kh8 25. Rf3 Qe2 26. Bg5 Re8 27. Qh5 Qe4 28. Nf7+ Kg8 29. Nd6 Qxd4 30. Qf7+ Kh8 31. Nxe8 h6 32. Qf8+ Kh7 33. Bf6 Nxf6 34. Qxg7# 1-0


[Site "https://www.chess.com"]

[Event "Titled Tuesday Blitz August 08 Late 2023"]
[White "Sebag, Marie"]
[Black "Djordjevic, Dejan N"]
[WhiteFideId "617822"]
[BlackFideId "913316"]
[WhiteElo "2494"]
[BlackElo "2067"]
[Result "1-0"]
[Round "7"]
[TimeControl "180+1"]
[Date "2023.08.08"]
[WhiteClock "0:01:06"]
[BlackClock "0:00:30"]
[Board "98"]

1. d4 Nf6 2. c4 g6 3. Nc3 d6 4. e4 Bg7 5. Bg5 O-O 6. Qd2 Re8 7. Be2 Nc6 8. d5 Ne5 9. f4 Ned7 10. Nf3 Nc5 11. Bd3 Nxd3+ 12. Qxd3 c6 13. dxc6 bxc6 14. O-O Qb6+ 15. Kh1 Qxb2 16. Rab1 Qa3 17. e5 Bf5 18. Qd2 dxe5 19. fxe5 Ne4 20. Nxe4 Bxe4 21. Rb3 Qa4 22. Qf4 Qxc4 23. Nd2 Qe6 24. Nxe4 Rf8 25. Rh3 Bxe5 26. Qh4 h5 27. Bxe7 Rfe8 28. Nf6+ Kg7 29. Nxh5+ gxh5 30. Qg5+ 1-0


[Site "https://www.chess.com"]

[Event "Titled Tuesday Blitz August 08 Late 2023"]
[White "Erzhanov, Arman"]
[Black "laskakid"]
[WhiteFideId "4138821"]
[WhiteElo "2597"]
[BlackElo "2130"]
[Result "1-0"]
[Round "7"]
[TimeControl "180+1"]
[Date "2023.08.08"]
[WhiteClock "0:00:25"]
[BlackClock "0:00:02"]
[Board "99"]

1. e4 e5 2. Nf3 Nc6 3. Bb5 a6 4. Bxc6 dxc6 5. Nc3 f6 6. d4 exd4 7. Nxd4 c5 8. Nde2 Qxd1+ 9. Nxd1 Be6 10. Bf4 O-O-O 11. Ne3 Ne7 12. h4 Ng6 13. Bg3 Ne5 14. b3 Nc6 15. Rd1 Re8 16. f3 g6 17. c4 f5 18. exf5 gxf5 19. Kf2 Bh6 20. Nf4 Bd7 21. Ned5 Rhf8 22. Nd3 f4 23. Bxf4 Bxf4 24. N3xf4 Nd4 25. Rhe1 b5 26. Rxe8+ Bxe8 27. Ne2 Nf5 28. g3 Nd6 29. Rc1 bxc4 30. bxc4 Bg6 31. Nef4 Be8 32. Nd3 Bh5 33. N5f4 Bf7 34. Ne5 Bg8 35. Nfd3 Re8 36. f4 h5 37. Nxc5 Bh7 38. Nxa6 Ne4+ 39. Kf3 Rg8 40. Rg1 Kb7 41. Nb4 Ra8 42. Rg2 Ra4 43. Rb2 Kc8 44. Nf7 Kd7 45. Ng5 Nxg5+ 46. hxg5 Bg8 47. Nd5 Bxd5+ 48. cxd5 Rd4 49. Ke3 Rxd5 50. Rd2 Rxd2 51. Kxd2 Ke6 52. a4 Kd7 53. a5 1-0


[Site "https://www.chess.com"]

[Event "Titled Tuesday Blitz August 08 Late 2023"]
[White "Di Berardino, Diego Rafael"]
[Black "kiwibobo"]
[WhiteFideId "2105446"]
[WhiteElo "2596"]
[BlackElo "2387"]
[Result "1-0"]
[Round "7"]
[TimeControl "180+1"]
[Date "2023.08.08"]
[WhiteClock "0:00:28"]
[BlackClock "0:00:52"]
[Board "100"]

1. d4 Nf6 2. c4 g6 3. Nc3 d5 4. cxd5 Nxd5 5. e4 Nxc3 6. bxc3 Bg7 7. Nf3 c5 8. Be3 Qa5 9. Qd2 O-O 10. Rc1 Rd8 11. d5 e6 12. Bg5 f6 13. Be3 Nc6 14. Be2 exd5 15. exd5 Ne7 16. c4 Qxd2+ 17. Nxd2 b6 18. g4 Bb7 19. O-O Nc8 20. Ne4 Re8 21. Bd3 Kf7 22. Bf4 Bf8 23. Rfe1 Rd8 24. Re3 Nd6 25. Nxd6+ Bxd6 26. Bxd6 Rxd6 27. Rce1 Rd7 28. Re6 b5 29. d6 Rad8 30. cxb5 Bd5 31. Re7+ Kf8 32. a4 Bf7 33. Bf1 Rxd6 34. Rxa7 Rd4 35. h3 R8d7 36. Rxd7 Rxd7 37. b6 Bd5 38. Bg2 Bxg2 39. Kxg2 Rd4 40. Rb1 Rxa4 41. b7 1-0


[Site "https://www.chess.com"]

[Event "Titled Tuesday Blitz August 08 Late 2023"]
[White "Altman, Joshua"]
[Black "Gajwa Ankit"]
[WhiteFideId "426210"]
[BlackFideId "5077834"]
[WhiteElo "2582"]
[BlackElo "2392"]
[Result "0-1"]
[Round "7"]
[TimeControl "180+1"]
[Date "2023.08.08"]
[WhiteClock "0:00:27"]
[BlackClock "0:01:21"]
[Board "101"]

1. Nf3 Nf6 2. b3 g6 3. Bb2 Bg7 4. g3 O-O 5. Bg2 c5 6. O-O Nc6 7. c4 d5 8. cxd5 Nxd5 9. Bxg7 Kxg7 10. Qc1 b6 11. Nc3 Nc7 12. Qb2 Kg8 13. Rac1 Bb7 14. Rfd1 Nd4 15. e4 Nce6 16. d3 Nxf3+ 17. Bxf3 Nd4 18. Bg2 e5 19. Ne2 Nxe2+ 20. Qxe2 Qe7 21. Qe3 Rfd8 22. f4 exf4 23. gxf4 Rd4 24. Rc4 Rad8 25. Rxd4 Rxd4 26. Rd2 f5 27. e5 Bxg2 28. Rxg2 Kf7 29. Qh3 Ke6 30. Qf3 Qd7 31. Rd2 Qd5 32. Qe3 a5 33. h4 Qd8 34. Qg3 a4 35. bxa4 Rxa4 36. h5 Qd4+ 37. Rf2 Rxa2 38. hxg6 Rxf2 39. Qxf2 Qxf2+ 40. Kxf2 hxg6 41. Ke2 b5 42. Kd2 b4 43. Kc2 g5 44. fxg5 Kxe5 45. Kb3 f4 46. d4+ cxd4 47. Kxb4 f3 48. g6 Kf6 49. g7 Kxg7 50. Kc4 f2 51. Kxd4 f1=Q 52. Kc3 Kf6 53. Kb4 Ke5 54. Kc3 Kd5 55. Kb4 Kd4 56. Ka4 Qb1 57. Ka5 Kc5 58. Ka4 Qb4# 0-1


[Site "https://www.chess.com"]

[Event "Titled Tuesday Blitz August 08 Late 2023"]
[White "Leschinsky, Gary"]
[Black "Adan Bermudez, Sergio"]
[WhiteFideId "30951321"]
[BlackFideId "2292726"]
[WhiteElo "2376"]
[BlackElo "2559"]
[Result "0-1"]
[Round "7"]
[TimeControl "180+1"]
[Date "2023.08.08"]
[WhiteClock "0:01:46"]
[BlackClock "0:01:21"]
[Board "102"]

1. d4 d6 2. e4 Nf6 3. Nc3 e5 4. Nf3 Nbd7 5. Bc4 h6 6. dxe5 dxe5 7. Qe2 Bc5 8. Bxf7+ Kxf7 9. Qc4+ Kg6 10. Nxe5+ Nxe5 11. Qxc5 Qd6 12. Qe3 Neg4 13. Qe2 Re8 14. h3 Ne5 15. O-O Nc6 16. Rd1 Qc5 17. Be3 Qh5 18. f3 Ne5 19. Qf2 Bxh3 20. gxh3 Nxf3+ 21. Kg2 Nh4+ 22. Kh2 Nxe4 23. Rg1+ Kh7 24. Nxe4 Rxe4 25. Rg3 Nf5 26. Rf3 Nxe3 27. Rxe3 Rxe3 28. Qxe3 Re8 29. Qf2 Re2 0-1


[Site "https://www.chess.com"]

[Event "Titled Tuesday Blitz August 08 Late 2023"]
[White "Shapiro, Viktor"]
[Black "Topalov, Aleksandar"]
[WhiteFideId "4175700"]
[BlackFideId "925659"]
[WhiteElo "2549"]
[BlackElo "2373"]
[Result "1-0"]
[Round "7"]
[TimeControl "180+1"]
[Date "2023.08.08"]
[WhiteClock "0:02:05"]
[BlackClock "0:01:35"]
[Board "103"]

1. c4 e6 2. Nc3 f5 3. g3 Nf6 4. Bg2 Be7 5. Nf3 O-O 6. d3 d6 7. O-O Qe8 8. e4 fxe4 9. dxe4 e5 10. b4 Qh5 11. Nh4 Bg4 12. f3 Be6 13. Nd5 Bd8 14. Bb2 Nc6 15. b5 Nd4 16. Bxd4 exd4 17. Qxd4 Nxd5 18. cxd5 Bf6 19. Qc4 Bxa1 20. dxe6 Qc5+ 21. Qxc5 dxc5 22. Rxa1 1-0


[Site "https://www.chess.com"]

[Event "Titled Tuesday Blitz August 08 Late 2023"]
[White "Polaczek, Richard"]
[Black "Czerw, Dawid"]
[WhiteFideId "200026"]
[BlackFideId "1145746"]
[WhiteElo "2367"]
[BlackElo "2524"]
[Result "0-1"]
[Round "7"]
[TimeControl "180+1"]
[Date "2023.08.08"]
[WhiteClock "0:00:37"]
[BlackClock "0:02:38"]
[Board "104"]

1. d4 Nf6 2. c4 g6 3. Nc3 Bg7 4. e4 d6 5. f4 O-O 6. Nf3 e5 7. fxe5 dxe5 8. d5 Bg4 9. h3 Bxf3 10. Qxf3 Nbd7 11. Bd3 a5 12. O-O Ne8 13. Be3 b6 14. a3 a4 15. Bc2 Nc5 16. Bxc5 bxc5 17. Bxa4 Nd6 18. Qd3 Rb8 19. Rab1 f5 20. Bc2 f4 21. b4 Nb7 22. Na4 Qe7 23. Bd1 Rf7 24. Bg4 Kh8 25. Be6 Rf6 26. Kh1 Rff8 27. Rb3 Ra8 28. Nxc5 Nxc5 29. bxc5 Qxc5 30. Rb7 Rxa3 31. Rxc7 Qa5 0-1


[Site "https://www.chess.com"]

[Event "Titled Tuesday Blitz August 08 Late 2023"]
[White "Kostiukov, Alexandr"]
[Black "D`Arruda, Ricardo D."]
[WhiteFideId "14108100"]
[BlackFideId "100692"]
[WhiteElo "2366"]
[BlackElo "2504"]
[Result "1-0"]
[Round "7"]
[TimeControl "180+1"]
[Date "2023.08.08"]
[WhiteClock "0:00:06"]
[BlackClock "0:00:27"]
[Board "105"]

1. g3 d5 2. Bg2 Nf6 3. d3 c6 4. e4 dxe4 5. dxe4 Qxd1+ 6. Kxd1 Nbd7 7. f3 e5 8. Nd2 Nc5 9. Nb3 Be6 10. Bh3 O-O-O+ 11. Nd2 h5 12. Bxe6+ Nxe6 13. c3 h4 14. g4 Nf4 15. Kc2 Bc5 16. Nc4 Ng6 17. Nh3 b5 18. Be3 Nd7 19. Bxc5 Nxc5 20. Na5 Kc7 21. Rhd1 Ne6 22. Rxd8 Rxd8 23. a4 a6 24. axb5 axb5 25. Nb3 Kb6 26. Rd1 Rxd1 27. Kxd1 Nef4 28. Nxf4 Nxf4 29. Kd2 c5 30. Nc1 c4 31. b4 cxb3 32. Nxb3 h3 33. Ke3 Ne6 34. Kf2 Nc5 35. Nc1 Na4 36. Ne2 Kc5 37. Kg3 Kc4 38. Kxh3 Nxc3 39. Nc1 b4 40. g5 b3 41. Nxb3 Kxb3 42. Kg4 Kc4 43. h4 Kd4 44. h5 Nd1 45. h6 Ne3+ 46. Kh3 gxh6 47. gxh6 Nd1 48. h7 Nf2+ 49. Kg2 Nxe4 50. h8=Q Nd6 51. Qd8 Kd5 52. Qd7 Kc5 53. Qe7 Kd5 54. Kf2 Kc5 55. Qf6 Kc6 56. Qxe5 Kd7 57. Qf6 Kc6 58. f4 Kd5 59. Kf3 Kc6 60. Qe5 Kd7 61. Kg4 Kc6 62. Kg5 Kd7 63. Kf6 Ne8+ 64. Kxf7 Nd6+ 65. Kf8 Nc8 66. Qd5+ Nd6 67. f5 Kc7 68. Qe5 Kd7 69. f6 Kc6 70. Qxd6+ Kxd6 71. f7 Ke5 72. Kg8 Ke4 73. f8=Q Ke3 74. Qf5 1-0


[Site "https://www.chess.com"]

[Event "Titled Tuesday Blitz August 08 Late 2023"]
[White "Smiechu"]
[Black "Koc, Przemyslaw"]
[BlackFideId "1109081"]
[WhiteElo "2353"]
[BlackElo "2501"]
[Result "1-0"]
[Round "7"]
[TimeControl "180+1"]
[Date "2023.08.08"]
[WhiteClock "0:00:20"]
[BlackClock "0:00:17"]
[Board "106"]

1. e4 d6 2. d4 Nf6 3. Nc3 e5 4. Nf3 Nbd7 5. g4 Nxg4 6. Rg1 Ngf6 7. Bc4 h6 8. Be3 c6 9. Qd3 b5 10. Bb3 Qa5 11. dxe5 dxe5 12. O-O-O b4 13. Bxf7+ Kxf7 14. Qc4+ Ke7 15. Nh4 bxc3 16. Ng6+ Kd8 17. Nxh8 cxb2+ 18. Kb1 Kc7 19. Ng6 Bc5 20. Nxe5 Nxe5 21. Rxg7+ Nfd7 22. Qxc5 Qxc5 23. Bxc5 Nc4 24. Rd4 Nb6 25. e5 Kb8 26. Bd6+ Kb7 27. e6 c5 28. e7 cxd4 29. e8=Q Kc6 30. Bb4 a5 31. Qe6+ Kb5 32. Be7 a4 33. Rf7 a3 34. Rf5+ Ka6 35. Bxa3 Nc5 36. Qc6 Bxf5 37. Bxc5 Rb8 38. Kxb2 Ka5 39. Kc1 Na4 40. Qc7+ Kb5 41. Qxb8+ Kxc5 42. Qa7+ Kb4 43. Qxd4+ Ka3 44. Qe3+ Kb4 45. Qf4+ 1-0


[Site "https://www.chess.com"]

[Event "Titled Tuesday Blitz August 08 Late 2023"]
[White "Mickiewicz, Piotr"]
[Black "Kukavica, Tony"]
[WhiteFideId "1114891"]
[BlackFideId "2062542"]
[WhiteElo "2491"]
[BlackElo "2336"]
[Result "0-1"]
[Round "7"]
[TimeControl "180+1"]
[Date "2023.08.08"]
[WhiteClock "0:00:13"]
[BlackClock "0:00:05"]
[Board "107"]

1. Nf3 d5 2. g3 Nf6 3. Bg2 g6 4. O-O Bg7 5. b3 O-O 6. Bb2 c5 7. e3 Nc6 8. Qe2 Bg4 9. h3 Bxf3 10. Bxf3 e5 11. d3 e4 12. Bg2 Qe7 13. Nd2 exd3 14. cxd3 Qe6 15. Rac1 Nd7 16. Bxg7 Kxg7 17. Qf3 Ne7 18. Rc2 Ne5 19. Qe2 b6 20. Rfc1 N7c6 21. a3 Rae8 22. b4 Nd7 23. bxc5 Nd4 24. Qd1 Nxc2 25. Qxc2 bxc5 26. Qb3 d4 27. Qxe6 Rxe6 28. e4 Ra6 29. Nc4 Rb8 30. f4 Nb6 31. Bf1 Nxc4 32. Rxc4 Rb1 33. a4 Ra1 34. Rxc5 R6xa4 35. Rc2 R4a2 36. Rf2 Rxf2 37. Kxf2 a5 38. e5 a4 39. g4 a3 40. f5 gxf5 41. gxf5 a2 42. Bg2 Rb1 43. f6+ Kf8 44. e6 fxe6 45. Be4 a1=Q 46. Kg3 Rb2 47. Kf4 Qf1+ 48. Ke5 Qe1 49. Kd6 Rb6+ 50. Kc5 Rb2 51. Kxd4 Rf2 52. Ke5 Qf1 53. Kd6 Rxf6 54. Kd7 Kg7 55. h4 Rf4 56. h5 Rxe4 57. h6+ Kxh6 58. Kd6 Qxd3+ 0-1


[Site "https://www.chess.com"]

[Event "Titled Tuesday Blitz August 08 Late 2023"]
[White "Osmak, Yuliia"]
[Black "Ai, Evan"]
[WhiteFideId "14101602"]
[BlackFideId "2094770"]
[WhiteElo "2485"]
[BlackElo "2331"]
[Result "1-0"]
[Round "7"]
[TimeControl "180+1"]
[Date "2023.08.08"]
[WhiteClock "0:01:01"]
[BlackClock "0:00:02"]
[Board "108"]

1. e4 e5 2. Nf3 Nc6 3. Bc4 Nf6 4. d3 h6 5. O-O Bc5 6. c3 d6 7. d4 Bb6 8. d5 Ne7 9. Nbd2 a6 10. a4 g5 11. Ne1 Ng6 12. a5 Ba7 13. b4 Nf4 14. Qc2 Ng4 15. Ndf3 Qf6 16. b5 axb5 17. Bxb5+ Ke7 18. h3 Nxf2 19. Rxf2 Bxh3 20. Bxf4 gxf4 21. gxh3 Rhg8+ 22. Kh2 Bxf2 23. Qxf2 Rg3 24. Ng2 Rag8 25. Ngh4 Kd8 26. a6 bxa6 27. Rxa6 Ke7 28. Nf5+ Qxf5 29. exf5 e4 30. Nd4 e3 31. f6+ Kxf6 32. Qxf4+ Ke7 33. Nf5+ 1-0


[Site "https://www.chess.com"]